 Dungeon Crawl Stone Soup version 0.30-a0-591-g3c58d2bc28 (webtiles) character file.

Game seed: 6543087882331253266

19915 oldmanjim the Nimble (level 13, -5/96 HPs)
             Began as a Djinni Fire Elementalist on Jan 4, 2023.
             Was an Elder of Makhleb.
             Killed by the air
             ... invoked by Gastronok
              (28 damage)
             ... on level 2 of the Lair of Beasts on Jan 5, 2023.
             The game lasted 01:28:44 (12904 turns).

oldmanjim the Nimble (Djinni Fire Elementalist)    Turns: 12904, Time: 01:28:45

Health: -5/96      AC: 13    Str:  7    XL:     13   Next: 8%
Gold:   428        EV: 16    Int: 22    God:    Makhleb [****..] SH:  0 Dex: 14

rFire   + + .      SeeInvis .    r - staff of conjuration
rCold   . . .      Faith    .    (no shield)
rNeg    . . .      Spirit   .    W - +0 acid dragon scales
rPois   ∞          Reflect  .    S - +0 helmet
rElec   .          Harm     .    B - +0 cloak
rCorr   +          Rampage  .    D - +0 pair of gloves
Will    +....                    (boots unavailable)
Stlth   +                        s - amulet of the acrobat
HPRegen 0.36/turn                d - +4 ring of protection
MPRegen 0.00/turn                K - ring of protection from cold

@: flying, slowed, studying Dodging, very slow
A: sickness immunity, fire resistance 2, cold vulnerability 1, float, innate
caster, HP casting, extra vitality 1
a: Renounce Religion, Minor Destruction, Lesser Servant of Makhleb, Major
Destruction


You were on level 2 of the Lair of Beasts.
You worshipped Makhleb.
Makhleb was greatly pleased with you.
You visited 3 branches of the dungeon, and saw 13 of its levels.
You also visited: Ossuary.

You collected 589 gold pieces.
You spent 161 gold pieces at shops.

Inventory:

Hand Weapons
 X - a +4 falchion
Missiles
 o - 6 boomerangs
 C - 5 throwing nets
 R - 6 javelins
Armour
 B - a +0 cloak (worn)
 D - a +0 pair of gloves (worn)
 S - a +0 helmet (worn)
 W - +0 acid dragon scales (worn)
 Y - a +0 kite shield
Magical Staves
 r - a staff of conjuration (weapon)
 T - a staff of poison
Jewellery
 b - a ring of fire
 d - a +4 ring of protection (left hand)
 j - a +6 ring of strength
 p - a ring of wizardry
 s - an amulet of the acrobat (around neck)
 y - a ring of resist corrosion
 K - a ring of protection from cold (right hand)
Wands
 P - a wand of mindburst (22)
 Q - a wand of flame (3)
Scrolls
 c - a scroll of noise {unknown}
 f - 2 scrolls of fear
 i - 3 scrolls of poison
 l - 5 scrolls of enchant weapon
 t - 3 scrolls of fog
 u - 2 scrolls of brand weapon {unknown}
 x - 3 scrolls of blinking {unknown}
 A - 5 scrolls of teleportation
 G - 3 scrolls of magic mapping
 H - 2 scrolls of butterflies {unknown}
 J - 2 scrolls of enchant armour
 L - 2 scrolls of silence {unknown}
 M - 3 scrolls of vulnerability
 N - 3 scrolls of torment
 U - 3 scrolls of immolation {unknown}
 V - a scroll of acquirement {unknown}
Potions
 a - 2 potions of berserk rage {unknown}
 e - 9 potions of curing
 g - 3 potions of mutation {unknown}
 h - 2 potions of resistance
 k - 5 potions of lignification {unknown}
 q - 3 potions of degeneration {unknown}
 v - 4 potions of attraction {unknown}
 w - 3 potions of heal wounds
 z - 3 potions of brilliance {unknown}
 E - 4 potions of flight {unknown}
 F - 2 potions of ambrosia
 I - a potion of haste {unknown}
 O - 4 potions of might {unknown}


   Skills:
 - Level 10.0 Fighting
 - Level 1.7 Armour
 - Level 13.0 Dodging
 - Level 1.5 Stealth
 + Level 10.9 Spellcasting
 + Level 7.7 Invocations


You had 2 spell levels left.
You knew the following spells:

 Your Spells              Type           Power      Damage    Failure   Level
a - Foxfire               Conj/Fire      100%       2x1d9     1%          1
b - Scorch                Fire           100%       2d10      1%          2
c - Kindle Blastsparks    Fire/Tloc/Air  100%       2d18      1%          3
d - Inner Flame           Hex/Fire       56%        N/A       1%          3
e - Flame Wave            Conj/Fire      74%        2d16      1%          4
f - Magic Dart            Conj           100%       1d8       1%          1
g - Poisonous Vapours     Pois/Air       100%       N/A       1%          2
h - Ensorcelled Hibernat  Hex/Ice        100%       N/A       1%          2
i - Ignite Poison         Fire/Tmut/Pois 56%        N/A       1%          3
j - Lee's Rapid Deconstr  Erth           28%        3d15*     3%          5
k - Fireball              Conj/Fire      37%        3d15      3%          5
Your spell library was empty.

Dungeon Overview and Level Annotations

Branches:
Dungeon (10/15)            Temple (1/1) D:7            Lair (2/5) D:9
Ossuary (visited)
  Swamp: Lair:2-3    Shoals: Lair:2-3     Snake: Lair:2-3    Spider: Lair:2-3
    Orc: D:9-12

Altars:
Ashenzari
Cheibriados
Dithmenos
Elyvilon
Fedhas
Gozag
Hepliaklqana
Makhleb
Nemelex Xobeh
Okawaru
Qazlal
Ru
Trog
Uskayaw
Wu Jian
Xom
Yredelemnul
Zin
The Shining One

Shops:
D:3 !   D:5 *

Annotations:
D:10 Urug
Lair:2 Gastronok


Innate Abilities, Weirdness & Mutations

You are immune to sickness and miasma.
You are immune to poison.
Your flesh is very heat resistant. (rF++)
You are vulnerable to cold. (rC-)
You float through the air rather than walking.
You learn spells naturally, not from books.
Your magical power is your life essence.
You have superior vitality. (+4 MHP)


Message History

You kill the rat!
The rat's corpse disappears in a puff of smoke!
Gastronok waves his eye-stalks in wide circles.
The air twists around and strikes you!!
A black bear comes into view.
Casting: Fireball (dangerous; 3% risk of failure)
Confirm with . or Enter, or press ? or * to list all spells.
Aiming: Fireball (dangerous; 3% risk of failure)
Press: ? - help, Shift-Dir - straight line, f/p - Gastronok
Aim: Gastronok, wearing a +2 hat (severely wounded)
You feel a surge of power!
The fireball explodes!
The fireball engulfs the quokka!!
You kill the quokka!
The quokka's corpse disappears in a puff of smoke!
The fireball engulfs the rat!!
You kill the rat!
The rat's corpse disappears in a puff of smoke!
You hear an angry growl.
Casting: Fireball (dangerous; 3% risk of failure)
Confirm with . or Enter, or press ? or * to list all spells.
Aiming: Fireball (dangerous; 3% risk of failure)
Press: ? - help, Shift-Dir - straight line, f/p - Gastronok
Aim: Gastronok, wearing a +2 hat (severely wounded)
You feel a surge of power!
The fireball explodes!
The fireball engulfs Gastronok!
Gastronok is almost dead.
* * * LOW HITPOINT WARNING * * *
Gastronok's eyestalks quiver as he mumbles some strange words.
Casting: Fireball (dangerous; 3% risk of failure)
Confirm with . or Enter, or press ? or * to list all spells.
Aiming: Fireball (dangerous; 3% risk of failure)
Press: ? - help, Shift-Dir - straight line, f/p - Gastronok
Aim: Gastronok, wearing a +2 hat (almost dead)
You feel a surge of power!
The fireball explodes!
The fireball engulfs Gastronok!!
Gastronok is almost dead.
* * * LOW HITPOINT WARNING * * *
Gastronok waves his eye-stalks in wide circles.
The air twists around and strikes you!!
You die...

##.........# ##
#.........##
#.#..###.##
###..# ### ##.#
#.### #.#[#
####+..#### ##
#......@..#..#
#.........'.w#
#.........##.b†..
#..........# #h.
##.........#
##+#.##.#.# ..#
##### #.. #.


You could see Gastronok and a bat (summoned).

Vanquished Creatures
  Harold (D:9)
  A catoblepas (Lair:2)
  3 two-headed ogres
  3 death yaks
  Nergalle (Lair:2)
  A cyclops (D:8)
  5 elephants (Lair:1)
  2 cane toads
  Maggie (D:7)
  A rime drake (Lair:1)
  A polar bear (Lair:1)
  2 trolls
  A hornet (D:7)
  Prince Ribbit (D:5)
  3 wraiths
  2 wyverns
  A vampire (D:7)
  20 yaks
  2 basilisks (Lair:1)
  A steam dragon (D:8)
  An acid dragon (D:10)
  12 water moccasins
  4 orc warriors
  An ice beast (D:7)
  2 sky beasts
  2 black bears
  4 wolves
  An ogre (D:6)
  A centaur (D:9)
  2 phantoms
  7 gnoll sergeants (D:8)
  4 bullfrogs
  3 kobold brigands
  Blork the orc (D:5)
  2 necrophages (D:8)
  A scorpion (D:6)
  6 wights
  14 killer bees
  5 howler monkeys
  A centaur zombie (Ossuary)
  11 hounds
  3 jellies
  5 orc priests
  3 gnoll boudas (D:8)
  Natasha (D:2)
  6 iguanas
  5 orc wizards
  29 gnolls
  3 adders
  A shadow imp (D:6)
  2 white imps
  3 ufetubi (D:4)
  2 adder zombies (Ossuary)
  A worm (D:2)
  4 dart slugs
  20 orcs
  7 endoplasms
  2 giant cockroaches
  14 hobgoblins
  8 jackals
  2 quokkas
  9 ball pythons
  2 bats (D:2)
  5 frilled lizards
  3 goblins
  A hobgoblin zombie (Ossuary)
  24 kobolds
  A kobold zombie (Ossuary)
  3 orc skeletons (Ossuary)
  4 rats
311 creatures vanquished.

Vanquished Creatures (others)
  An orc wizard (D:9)
  140 foxfires
  4 fungi
  2 plants (Lair:2)
147 creatures vanquished.

Grand Total: 458 creatures vanquished

Notes
Turn   | Place    | Note
-------+----------+-------------------------------------------
     0 | D:1      | oldmanjim the Djinni Fire Elementalist began the quest for
                  | the Orb.
     0 | D:1      | oldmanjim set off with the following spells memorised:
                  | Foxfire, Scorch, Kindle Blastsparks, Inner Flame, Flame
                  | Wave.
     0 | D:1      | Reached XP level 1. HP: 15/15 MP: 0/0
    79 | D:1      | Reached XP level 2. HP: 18/22 MP: 0/0
   183 | D:1      | Reached skill level 1 in Fighting
   268 | D:1      | Reached XP level 3. HP: 21/27 MP: 0/0
   268 | D:1      | Learned a level 1 spell: Magic Dart
   624 | D:1      | Found a faded altar of an unknown god.
   734 | D:2      | Reached skill level 3 in Dodging
   736 | D:2      | Reached XP level 4. HP: 10/33 MP: 0/0
  1156 | D:2      | Noticed Natasha
  1162 | D:2      | Killed Natasha
  1511 | D:3      | Reached XP level 5. HP: 33/38 MP: 0/0
  1511 | D:3      | Learned a level 2 spell: Poisonous Vapours
  1541 | D:3      | Found a glowing silver altar of Zin.
  2042 | D:3      | Found Sedaol's Distillery.
  2051 | D:3      | Bought a potion of curing for 39 gold pieces
  2051 | D:3      | Bought a potion of heal wounds for 65 gold pieces
  2366 | D:4      | Reached skill level 4 in Dodging
  2368 | D:4      | Reached XP level 6. HP: 44/45 MP: 0/0
  3415 | D:5      | Entered Level 5 of the Dungeon
  3465 | D:5      | Noticed a water moccasin
  3475 | D:5      | Killed a water moccasin
  3476 | D:5      | Reached XP level 7. HP: 36/51 MP: 0/0
  3476 | D:5      | Learned a level 2 spell: Ensorcelled Hibernation
  3483 | D:5      | Reached skill level 5 in Dodging
  3583 | D:5      | Found a bloodstained altar of Trog.
  3725 | D:5      | Found Uthruk's Assorted Antiques.
  3728 | D:5      | Bought a scroll labelled QIN ORIYNWOL for 30 gold pieces
  3728 | D:5      | Bought a metallic golden potion for 27 gold pieces
  3728 | D:5      | Noticed Blork the orc
  3741 | D:5      | Killed Blork the orc
  4126 | D:5      | Noticed Prince Ribbit
  4130 | D:5      | Killed Prince Ribbit
  4131 | D:5      | Reached skill level 5 in Fighting
  4131 | D:5      | Reached skill level 5 in Spellcasting
  4131 | D:5      | Reached XP level 8. HP: 52/59 MP: 0/0
  4539 | D:6      | Found a sand-covered staircase.
  4544 | Ossuary  | Entered an ossuary
  4712 | Ossuary  | Noticed a flying skull
  4712 | Ossuary  | Noticed a wraith
  4722 | Ossuary  | Noticed a flying skull
  4748 | Ossuary  | Noticed a flying skull
  4752 | Ossuary  | Noticed a flying skull
  4753 | Ossuary  | Noticed a wraith
  4762 | Ossuary  | Killed a wraith
  4891 | Ossuary  | Noticed a wraith
  4895 | Ossuary  | Killed a wraith
  5100 | D:6      | Reached XP level 9. HP: 62/65 MP: 0/0
  5100 | D:6      | Learned a level 3 spell: Ignite Poison
  5204 | D:6      | Reached skill level 6 in Dodging
  5970 | D:7      | Noticed a hornet
  5974 | D:7      | Killed a hornet
  5975 | D:7      | Reached skill level 7 in Dodging
  5999 | D:7      | Found a basalt altar of Yredelemnul.
  6029 | D:7      | Noticed Maggie
  6045 | D:7      | Killed Maggie
  6046 | D:7      | Reached XP level 10. HP: 35/75 MP: 0/0
  6445 | D:7      | Found a staircase to the Ecumenical Temple.
  6455 | Temple   | Entered the Ecumenical Temple
  6615 | Temple   | Became a worshipper of Makhleb the Destroyer
  6683 | D:7      | Reached skill level 1 in Armour
  6683 | D:7      | Reached skill level 1 in Invocations
  7039 | D:7      | Found an iron altar of Okawaru.
  7458 | D:8      | Noticed a cyclops
  7471 | D:8      | Killed a cyclops
  7477 | D:8      | Reached * piety under Makhleb
  7499 | D:8      | Reached skill level 8 in Dodging
  8257 | D:8      | Reached ** piety under Makhleb
  8406 | D:8      | Reached XP level 11. HP: 80/81 MP: 0/0
  8406 | D:8      | Learned a level 5 spell: Lee's Rapid Deconstruction
  8583 | D:8      | Reached skill level 9 in Dodging
  8622 | D:8      | Noticed a two-headed ogre
  8633 | D:8      | Killed a two-headed ogre
  8930 | D:8      | Reached skill level 10 in Dodging
  9253 | D:9      | Noticed a death yak
  9273 | D:8      | Killed a death yak
  9274 | D:8      | Reached skill level 5 in Invocations
  9364 | D:9      | Noticed a death yak
  9364 | D:9      | Noticed a death yak
  9384 | D:8      | Killed a death yak
  9585 | D:9      | Reached skill level 11 in Dodging
  9742 | D:9      | Found a sacrificial altar of Ru.
  9785 | D:9      | Found a glowing golden altar of the Shining One.
  9787 | D:9      | Found a hide-covered altar of Uskayaw.
  9800 | D:9      | Noticed a two-headed ogre
  9804 | D:9      | Killed a two-headed ogre
  9971 | D:9      | Reached *** piety under Makhleb
 10387 | D:9      | Noticed Harold
 10396 | D:9      | Killed Harold
 10620 | D:9      | Reached skill level 10 in Spellcasting
 10620 | D:9      | Reached XP level 12. HP: 88/89 MP: 0/0
 10622 | D:9      | Killed a death yak
 10652 | D:9      | Found a staircase to the Lair.
 10773 | D:9      | Noticed a two-headed ogre
 10803 | D:9      | Killed a two-headed ogre
 11047 | D:10     | Entered Level 10 of the Dungeon
 11091 | D:10     | Noticed Urug
 11109 | D:10     | HP: 3/89 [Urug/+6 scimitar (20)]
 11402 | Lair:1   | Entered Level 1 of the Lair of Beasts
 11530 | Lair:1   | Reached skill level 12 in Dodging
 11885 | Lair:1   | Reached skill level 10 in Fighting
 12077 | Lair:1   | Reached **** piety under Makhleb
 12398 | Lair:2   | Reached skill level 13 in Dodging
 12498 | Lair:2   | Noticed a catoblepas
 12509 | Lair:2   | Killed a catoblepas
 12635 | Lair:2   | Noticed Nergalle
 12659 | Lair:2   | Killed Nergalle
 12660 | Lair:2   | Reached XP level 13. HP: 26/96 MP: 0/0
 12660 | Lair:2   | Learned a level 5 spell: Fireball
 12893 | Lair:2   | Noticed Gastronok
 12904 | Lair:2   | Killed from afar by Gastronok

Illustrated notes

Levels and vault maps discovered:
D:1:      sevenhm_arrival_forest_fort_small_6, layout_rooms,
          shapermc_ecumenical_altar_hornbeckon
D:2:      layout_rooms, minmay_hexomino_p4, uniq_natasha
D:3:      layout_loops_ring, marbit_many_paths, serial_shops, shop
D:4:      layout_loops_corners, corexii_hall_statues_l, grunt_tough_drop
D:5:      layout_loops_ring, trog_book, serial_shops, nicolae_shop_behind_doors,
          minivault_5, uniq_prince_ribbit1, uniq_blork_the_orc
D:6:      layout_cave_pools, enter_ossuary_1
D:7:      layout_loops_ring, mainiacjoe_overflow_two_lobes,
          kennysheep_mini_moat, minmay_temple_entry_junction_2,
          minmay_manual_monolith, uniq_maggie
D:8:      layout_cave_pools, serial_gnoll_camp, gnoll_camp_medium_01,
          gnoll_camp_mini_hut, gnoll_camp_huts_basic, gnoll_camp_mini_basic,
          gnoll_camp_mini_basic, gnoll_camp_mini_sergeant
D:9:      layout_grid_maze, mainiacjoe_overflow_paths,
          grunt_temple_overflow_open, dpeg_lair_monsters, uniq_harold
D:10:     layout_stronghold, david_orc_2, uniq_urug
Temple:   hellmonk_temple_forest_ring
Lair:1:   layout_regular_city, st_stairs_13
Lair:2:   layout_roguey, shoals_dummy_entry, uniq_nergalle, uniq_gastronok

Skill      XL: |  1  2  3  4  5  6  7  8  9 10 11 12 |
---------------+-------------------------------------+-----
Fighting       | 1 2 3 5 7 8 9 10 | 10.0
Dodging        | 3 4 5 7 8 11 13 | 13.0
Spellcasting   | 3 5 6 7 8 10 | 10.9
Armour         | 1 |  1.7
Invocations    | 3 5 7 |  7.7
Stealth        | |  1.5

Action                   |  1- 3 |  4- 6 |  7- 9 | 10-12 | 13-15 || total
-------------------------+-------+-------+-------+-------+-------++-------
Melee: Staff             |       |       |       |     1 |       ||     1
 Cast: Foxfire           |    33 |    45 |     1 |     5 |       ||    84
       Scorch            |    13 |    29 |    47 |   108 |       ||   197
       Magic Dart        |    10 |    57 |    57 |   204 |       ||   328
       Kindle Blastspark |       |       |     5 |     2 |       ||     7
       Flame Wave        |       |       |    23 |    63 |       ||    86
       Poisonous Vapours |       |       |     2 |     6 |       ||     8
       Inner Flame       |       |       |       |     1 |       ||     1
       Lee's Rapid Decon |       |       |       |    26 |       ||    26
       Ensorcelled Hiber |       |       |       |     1 |       ||     1
       Fireball          |       |       |       |       |    16 ||    16
  Use: Scroll            |       |     2 |     7 |     4 |       ||    13
Armor: Robe              |    12 |     5 |     5 |     3 |       ||    25
       Acid dragon scale |       |       |       |    39 |       ||    39
Dodge: Dodged            |    23 |    49 |    65 |   203 |       ||   340

Table legend: (Time is in decaauts)
 A = Elapsed time spent in this place.
 B = Non-inter-level travel time spent in this place.
 C = Inter-level travel time spent in this place.
 D = Time resting spent in this place.
 E = Time spent auto-exploring this place.
 F = Levels seen in this place.
 G = Mean time per level.
                   A        B        C        D        E       F      G
               +--------+--------+--------+--------+--------+-----+--------+
         Total |  12921 |  12452 |    469 |   1425 |   8628 |  14 |  922.9 |
       Dungeon |  10685 |  10266 |    419 |   1048 |   7518 |  10 | 1068.5 |
        Temple |    174 |    149 |     25 |      0 |    138 |   1 |  174.0 |
          Lair |   1507 |   1482 |     25 |    188 |    909 |   2 |  753.5 |
       Ossuary |    553 |    553 |      0 |    189 |     63 |   1 |  553.0 |
               +--------+--------+--------+--------+--------+-----+--------+

Top non-repeatable levels by time:
     D:8: 1929 daAuts
     D:9: 1732 daAuts
     D:7: 1657 daAuts
     D:5: 1223 daAuts
     D:4: 1170 daAuts
  Lair:1: 1134 daAuts
     D:3: 896 daAuts
     D:2: 693 daAuts
     D:1: 659 daAuts
     D:6: 639 daAuts
 Ossuary: 553 daAuts
  Lair:2: 373 daAuts
  Temple: 174 daAuts
    D:10: 83 daAuts
